 Dungeon Crawl Stone Soup version 0.30-a0-168-g0b976cbdc4 (webtiles) character file.

Game seed: 12833539179123071892

94102 qw the Severer (level 16, -3/104 HPs)
             Began as a Gargoyle Fighter on Sept 29, 2022.
             Was an Elder of Okawaru.
             Killed from afar by a hell hog (illusionary) (7 damage)
             ... with a fireball
             ... on level 2 of the Abyss.
             The game lasted 00:10:51 (25450 turns).

qw the Severer (Gargoyle Fighter)                  Turns: 25450, Time: 00:10:51

Health: -3/104     AC: 40    Str: 29    XL:     16   Next: 10%
Magic:  19/23      EV: 16    Int:  8    God:    Okawaru [****..]
Gold:   1040       SH: 19    Dex: 13    Spells: 15/15 levels left

rFire   . . .      SeeInvis +    B - +2 war axe (vamp)
rCold   . . .      Faith    .    g - +0 kite shield
rNeg    + . .      Spirit   .    G - +4 chain mail of Ru's Envy {rPois Dex+4}
rPois   inf        Reflect  +    (no helmet)
rElec   +          Harm     .    a - +2 cloak
rCorr   .          Rampage  .    o - +2 pair of gloves
Will    +....                    p - +2 pair of boots
Stlth   ..........               F - amulet of reflection
HPRegen 0.27/turn                h - ring of see invisible
MPRegen 0.18/turn                k - +4 ring of evasion

@: about to teleport, heroic, finesse-ful, flying
A: sickness immunity, AC +12, big wings, negative energy resistance 1,
electricity resistance, torment resistance 1, petrification resistance
a: Renounce Religion, Heroism, Finesse


You were on level 2 of the Abyss.
You worshipped Okawaru.
Okawaru was greatly pleased with you.
You visited 2 branches of the dungeon, and saw 20 of its levels.
You visited the Abyss 1 time.
You also visited: Sewer.

You collected 1529 gold pieces.
You spent 489 gold pieces at shops.


Innate Abilities, Weirdness & Mutations

You are immune to sickness and miasma.
Your stone body is resilient. (AC +12)
You are immune to poison.
Your large and strong wings let you fly.
You resist negative energy. (rN+)
You are resistant to electric shocks. (rElec)
You are resistant to unholy torment.
You are immune to petrification.


   Skills:
 - Level 13.0(18.0) Fighting
 - Level 16.0(21.0) Axes
 - Level 6.1(11.1) Throwing
 - Level 11.0(16.0) Armour
 + Level 4.8(9.8) Dodging
 - Level 13.3(18.3) Shields
 - Level 10.0 Invocations


You had 15 spell levels left.
You didn't know any spells.
Your spell library was empty.

Inventory:

Hand Weapons
 l - the +8 demon whip of Uncertain Death {vamp, rC+ Str+2}
   (You acquired it on level 3 of the Dungeon)

   It occasionally heals its wielder for a portion of the damage dealt when it
   wounds a living foe.
   Str:       It affects your strength (+2).
   rC:        It protects you from cold.
 z - a +1 broad axe
 B - a +2 vampiric war axe (weapon)
Missiles
 b - 8 boomerangs
 C - a javelin (quivered)
Armour
 a - a +2 cloak (worn)
 c - the +1 robe of Servitude {*Slow rCorr SInv}
   (Okawaru gifted it to you on level 2 of the Lair of Beasts)

   SInv:      It lets you see invisible.
   rCorr:     It protects you from acid and corrosion.
   *Slow:     It may slow you when you take damage.
 g - a +0 kite shield (worn)
 o - a +2 pair of gloves (worn)
 p - a +2 pair of boots (worn)
 D - a +2 chain mail of fire resistance
 G - the +4 chain mail of Ru's Envy (worn) {rPois Dex+4}
   (You found it on level 11 of the Dungeon)

   Dex:       It affects your dexterity (+4).
   rPois:     It protects you from poison.
Jewellery
 h - a ring of see invisible (left hand)
 k - a +4 ring of evasion (right hand)
 t - the ring of Noitzuen {Ice rElec}
   (You acquired it on level 8 of the Dungeon)

   [ring of ice]

   It enhances your ice magic.
   rF:        It makes you vulnerable to fire.
   rC:        It protects you from cold.
   rElec:     It insulates you from electricity.
 w - a ring of positive energy
 A - a ring of resist corrosion
 F - an amulet of reflection (around neck)
 Y - a ring of willpower
Scrolls
 q - 6 scrolls of identify
 s - 2 scrolls of teleportation
 v - a scroll of enchant armour
Potions
 d - 3 potions of might
 e - 4 potions of haste
 i - 5 potions of curing
 j - 5 potions of attraction
 m - a potion of magic
 n - a potion of lignification
 r - 5 potions of resistance
 u - 2 potions of mutation
 x - a potion of heal wounds

Dungeon Overview and Level Annotations

Branches:
Dungeon (15/15)            Temple (0/1) D:4            Lair (5/5) D:9
 Shoals (0/4) Lair:2        Snake (0/4) Lair:3        Slime (0/5) Lair:5
    Orc (0/2) D:12         Vaults (0/5) D:14          Sewer (visited)
 Depths: D:15

Altars:
Cheibriados
Dithmenos
Nemelex Xobeh
Okawaru
Vehumet
Xom
Yredelemnul
Zin
Jiyva

Shops:
D:2 [   D:5 [*   D:7 *   D:11 (:(**

Annotations:
D:6 3 runed translucent doors, qw's ghost, novice GrFi
D:15 Louise


Message History

The fireball explodes!
The fireball engulfs the hell hog.
The hell hog completely resists.
The fireball engulfs you!!
The fireball engulfs the hell hog.
The hell hog completely resists.
You hear a shout!
You hit the hell hog.
The hell hog is moderately wounded.
You slash the hell hog! You closely miss the hell hog.
You block the hell hog's attack.
You slash the hell hog!
You kill the hell hog!
The hell hog's corpse shimmers and vanishes!
You hit the hell hog. You slash the hell hog! You block the hell hog's attack.
You slice the hell hog!!
The hell hog is almost dead.
You slash the hell hog! The hell hog breathes fire at you.
The fireball explodes!
The fireball engulfs you but does no damage.
The fireball engulfs the hell hog.
The hell hog completely resists.
The fireball engulfs the hell hog.
The hell hog completely resists.
You hit the hell hog.
The hell hog is almost dead.
You closely miss the hell hog.
The rakshasa weaves an illusion.
The hell hog shimmers and seems to become two!
You block the hell hog's attack.
The hell hog bites you but does no damage.
The hell hog breathes fire at you.
The fireball explodes!
The fireball engulfs you!!!
The fireball engulfs the hell hog.
The hell hog completely resists.
The fireball engulfs the hell hog.
The hell hog completely resists.
You hear a shout!
25450 ||| READING 3 scrolls of teleportation.
As you read the scroll of teleportation, it crumbles to dust.
You feel strangely unstable.
You feel the power of the Abyss delaying your translocation!
The hell hog breathes fire at you.
The fireball explodes!
The fireball engulfs you!
You die...

...###.. ###...##
...#.....#..... .....#
............R.........
.................. ..
...........R....>... .
............%........
.........R...... ...##
.......h.h...........#
......h@.h..... ... .
..............=.......
........\._..........
.....................
................#...##
...###............ ...
#.# #.########.....#
.# .. ..# #. #.. .. #


You could see 3 rakshasas and 4 hell hogs.

Vanquished Creatures
  Rupert (D:13)
  A lorocyproca (Abyss:2)
  A bunyip (Abyss:2)
  Snorg (D:12)
  Josephine (D:12)
  6 hydras
  Erolcha (D:9)
  2 vault guards (D:14)
  An ice dragon (D:15)
  3 catoblepae (Lair:5)
  7 centaur warriors
  7 two-headed ogres
  5 boulder beetles
  5 death yaks (Lair:5)
  A tengu warrior (D:15)
  Amaemon (Lair:3)
  4 skeletal warriors (D:13)
  An orb spider (Abyss:2)
  A deep troll (D:12)
  Pikel (D:4)
  An orc knight (D:15)
  4 deep elf pyromancers
  4 manticores
  29 ugly things
  6 cyclopes
  An orc sorcerer (D:15)
  6 black mambas
  A merfolk siren (Lair:2)
  20 elephants
  3 gargoyles
  14 cane toads
  An unseen horror (D:13)
  An orange demon (Lair:3)
  2 rime drakes
  An efreet (D:14)
  A komodo dragon (Lair:1)
  4 trolls
  5 polar bears
  16 slime creatures
  5 dream sheep (Lair:4)
  18 blink frogs
  A spriggan (D:8)
  3 wyverns
  10 wraiths
  49 yaks
  3 shadows
  Eustachio (D:5)
  9 humans (D:14)
  8 vampire mosquitoes
  2 small abominations (Abyss:2)
  A steam dragon (D:8)
  3 basilisks
  7 wargs
  2 nagas (Lair:3)
  2 acid dragons
  13 water moccasins
  Duvessa (D:5)
  An orc warrior (D:15)
  A sky beast (D:7)
  Pargi (Sewer)
  An ice beast (D:8)
  2 black bears
  2 ogres
  5 wolves (Lair:5)
  A phantom (D:5)
  16 centaurs
  2 kobold brigands
  11 bullfrogs
  A necrophage (D:7)
  5 scorpions
  A water moccasin zombie (D:6)
  A gnoll sergeant (D:11)
  A wyvern zombie (D:6)
  13 wights
  Dowan (D:5)
  6 killer bees (D:6)
  7 howler monkeys
  A centaur zombie (D:6)
  2 jellies (D:5)
  3 bullfrog zombies (D:6)
  3 hounds
  8 orc priests
  3 iguanas
  12 orc wizards
  4 hell rats (Lair:2)
  A killer bee zombie (D:6)
  3 gnolls (D:11)
  8 adders
  2 shadow imps (D:7)
  A white imp (D:6)
  2 ufetubi
  5 worms
  2 dart slugs (D:2)
  54 orcs
  11 bats
  5 endoplasms
  3 giant cockroaches (D:4)
  12 goblins
  4 hobgoblins
  4 quokkas
  11 ball pythons
  4 frilled lizards
  18 kobolds
  5 rats
  A plant (Lair:3)
580 creatures vanquished.

Vanquished Creatures (others)
  A tengu conjurer (D:14)
  5 dream sheep (D:4)
  A human (D:14)
  A quokka (D:4)
  24 fungi
  30 plants
62 creatures vanquished.

Grand Total: 642 creatures vanquished

Notes
Turn   | Place    | Note
-------+----------+-------------------------------------------
     0 | D:1      | qw the Gargoyle Fighter began the quest for the Orb.
     0 | D:1      | Reached XP level 1. HP: 14/14 MP: 1/1
     0 | D:1      | 0 ||| qw: Version: 0.2-a-12-gaebbb33
     0 | D:1      | 0 ||| qw: Game counter: 1237
     0 | D:1      | 0 ||| qw: Always use a shield: true
     0 | D:1      | 0 ||| qw: God list: Okawaru
     0 | D:1      | 0 ||| qw: Allow faded altars: false
     0 | D:1      | 0 ||| qw: Do Orc after D:15 true
     0 | D:1      | 0 ||| qw: Do second Lair branch before Depths: true
     0 | D:1      | 0 ||| qw: Lair rune preference: random
     0 | D:1      | 0 ||| qw: Plans: Normal, Zot:1-4, God:TSO, Crypt, Tomb,
                  | Pan, Slime:5, Hells, Abyss, Orb
     0 | D:1      | 0 ||| PLANNING D:1-11
   169 | D:1      | Reached skill level 2 in Axes
   295 | D:1      | 295 ||| Stepping ~*~*~tactically~*~*~ (stealth).
   298 | D:1      | 298 ||| Stepping ~*~*~tactically~*~*~ (stealth).
   625 | D:1      | Reached XP level 2. HP: 19/19 MP: 2/2
   958 | D:1      | 958 ||| UPGRADING to ring of see invisible.
   959 | D:1      | 959 ||| READING scroll labelled BEHOLY LEYKHOF.
   960 | D:1      | 960 ||| READING scroll labelled GOUKOSSOITE.
  1050 | D:2      | Reached skill level 3 in Axes
  1083 | D:2      | 1083 ||| Stepping ~*~*~tactically~*~*~ (stealth).
  1084 | D:2      | 1084 ||| Stepping ~*~*~tactically~*~*~ (stealth).
  1112 | D:2      | Reached XP level 3. HP: 21/23 MP: 3/3
  1174 | D:2      | 1174 ||| Stepping ~*~*~tactically~*~*~ (hiding).
  1294 | D:2      | Found a radiant altar of Vehumet.
  1342 | D:2      | 1342 ||| Stepping ~*~*~tactically~*~*~ (stealth).
  1677 | D:2      | 1677 ||| Stepping ~*~*~tactically~*~*~ (hiding).
  1838 | D:2      | Found Leulotsi's Armour Boutique.
  1841 | D:2      | 1841 ||| READING scroll labelled NOGEYJEIFOMA.
  1843 | D:2      | 1843 ||| READING scroll labelled CUEH RELEAH.
  1854 | D:2      | 1854 ||| SHOPLISTING +0 buckler of Daerhoun {Harm rPois
                  | Dex+2} (199 gold, have 89).
  1854 | D:2      | 1854 ||| BUYING +0 cloak (45 gold).
  1854 | D:2      | Bought a +0 cloak for 45 gold pieces
  1931 | D:2      | 1931 ||| Stepping ~*~*~tactically~*~*~ (hiding).
  2043 | D:2      | Reached XP level 4. HP: 28/28 MP: 4/4
  2055 | D:2      | Found a faded altar of an unknown god.
  2120 | D:2      | 2120 ||| UPGRADING to +0 cloak.
  2125 | D:2      | 2125 ||| READING scroll labelled NUAKHA QUALAVYSIO.
  2223 | D:3      | Reached skill level 4 in Axes
  2361 | D:3      | 2361 ||| Stepping ~*~*~tactically~*~*~ (stealth).
  2365 | D:3      | 2365 ||| Stepping ~*~*~tactically~*~*~ (stealth).
  2366 | D:3      | 2366 ||| Stepping ~*~*~tactically~*~*~ (stealth).
  2416 | D:3      | 2416 ||| Stepping ~*~*~tactically~*~*~ (stealth).
  2417 | D:3      | 2417 ||| FLEEEEING.
  2418 | D:3      | 2418 ||| FLEEEEING.
  2470 | D:3      | 2470 ||| DROPPING +0 club.
  2474 | D:3      | 2474 ||| DROPPING +0 flail.
  2594 | D:3      | 2594 ||| Stepping ~*~*~tactically~*~*~ (hiding).
  2603 | D:3      | 2603 ||| Stepping ~*~*~tactically~*~*~ (stealth).
  2693 | D:3      | 2693 ||| Stepping ~*~*~tactically~*~*~ (hiding).
  2701 | D:3      | Reached XP level 5. HP: 32/32 MP: 5/5
  2705 | D:3      | Reached skill level 5 in Axes
  2952 | D:3      | 2952 ||| Stepping ~*~*~tactically~*~*~ (stealth).
  3055 | D:3      | Noticed a black bear
  3068 | D:3      | HP: 6/32 [black bear (7)]
  3069 | D:3      | Killed a black bear
  3070 | D:3      | Reached XP level 6. HP: 7/39 MP: 6/6
  3436 | D:3      | Found an iron altar of Okawaru.
  3437 | D:3      | 3437 ||| PLANNING OKAWARU WORSHIP
  3437 | D:3      | 3437 ||| UPGRADING to ring of positive energy.
  3438 | D:3      | 3438 ||| READING scroll labelled GUTUNASHOE.
  3438 | D:3      | Identified a scroll of acquirement
  3438 | D:3      | 3438 ||| ACQUIRING +8 demon whip of Uncertain Death {vamp,
                  | rC+ Str+2}
  3438 | D:3      | Acquired the +8 demon whip of Uncertain Death {vamp, rC+
                  | Str+2}
  3440 | D:3      | 3440 ||| DROPPING +0 morningstar of protection.
  3441 | D:3      | 3441 ||| DRINKING 3 pink potions.
  3442 | D:3      | 3442 ||| DRINKING 3 clear potions.
  3443 | D:3      | 3443 ||| DROPPING 2 potions of brilliance.
  3449 | D:3      | Became a worshipper of Warmaster Okawaru
  3450 | D:3      | 3450 ||| PLANNING D:1-11
  3492 | D:4      | 3492 ||| PLANNING SEWER
  3501 | D:4      | 3501 ||| Stepping ~*~*~tactically~*~*~ (hiding).
  3529 | D:4      | Reached skill level 1 in Throwing
  3562 | D:4      | 3562 ||| Stepping ~*~*~tactically~*~*~ (stealth).
  3563 | D:4      | 3563 ||| Stepping ~*~*~tactically~*~*~ (stealth).
  3647 | D:4      | Noticed a dream sheep
  3647 | D:4      | Noticed a dream sheep
  3647 | D:4      | Noticed a dream sheep
  3647 | D:4      | Noticed a dream sheep
  3647 | D:4      | Noticed a dream sheep
  3647 | D:4      | Found a shimmering altar of Xom.
  3650 | D:4      | Killed a dream sheep
  3650 | D:4      | Killed a dream sheep
  3650 | D:4      | Killed a dream sheep
  3650 | D:4      | Killed a dream sheep
  3651 | D:4      | Killed a dream sheep
  3666 | D:4      | Reached skill level 1 in Dodging
  3671 | D:4      | 3671 ||| Stepping ~*~*~tactically~*~*~ (stealth).
  3737 | D:4      | 3737 ||| Stepping ~*~*~tactically~*~*~ (stealth).
  3776 | D:4      | 3776 ||| Stepping ~*~*~tactically~*~*~ (stealth).
  3789 | D:4      | Found a glowing drain.
  3790 | D:4      | 3790 ||| Stepping randomly (stuck).
  3791 | D:4      | 3791 ||| Stepping randomly (stuck).
  3792 | D:4      | 3792 ||| Stepping randomly (stuck).
  3794 | D:4      | 3794 ||| Stepping randomly (stuck).
  3796 | D:4      | 3796 ||| Stepping randomly (stuck).
  3797 | D:4      | 3797 ||| Stepping randomly (stuck).
  3799 | D:4      | 3799 ||| Stepping randomly (stuck).
  3800 | D:4      | 3800 ||| Stepping randomly (stuck).
  3802 | D:4      | 3802 ||| Stepping randomly (stuck).
  3803 | D:4      | 3803 ||| Stepping randomly (stuck).
  3804 | D:4      | 3804 ||| Stepping randomly (stuck).
  3805 | D:4      | 3805 ||| Stepping randomly (stuck).
  3806 | D:4      | 3806 ||| Stepping randomly (stuck).
  3807 | D:4      | 3807 ||| Stepping randomly (stuck).
  3808 | D:4      | 3808 ||| Stepping randomly (stuck).
  3809 | D:4      | 3809 ||| Stepping randomly (stuck).
  3810 | D:4      | 3810 ||| Stepping randomly (stuck).
  3811 | D:4      | 3811 ||| Stepping randomly (stuck).
  3812 | D:4      | 3812 ||| Stepping randomly (stuck).
  3814 | D:4      | 3814 ||| Stepping randomly (stuck).
  3816 | D:4      | 3816 ||| Stepping randomly (stuck).
  3817 | D:4      | 3817 ||| Stepping randomly (stuck).
  3818 | D:4      | 3818 ||| Stepping randomly (stuck).
  3819 | D:4      | 3819 ||| Stepping randomly (stuck).
  3820 | D:4      | 3820 ||| Stepping randomly (stuck).
  3821 | D:4      | 3821 ||| Stepping randomly (stuck).
  3822 | D:4      | 3822 ||| Stepping randomly (stuck).
  3823 | D:4      | 3823 ||| Stepping randomly (stuck).
  3824 | D:4      | 3824 ||| Stepping randomly (stuck).
  3825 | D:4      | 3825 ||| Stepping randomly (stuck).
  3826 | D:4      | 3826 ||| Stepping randomly (stuck).
  3827 | D:4      | 3827 ||| Stepping randomly (stuck).
  3828 | D:4      | 3828 ||| Stepping randomly (stuck).
  3829 | D:4      | 3829 ||| Stepping randomly (stuck).
  3830 | D:4      | 3830 ||| Stepping randomly (stuck).
  3868 | Sewer    | Entered a sewer
  3914 | Sewer    | Noticed Pargi
  3934 | Sewer    | Killed Pargi
  3935 | Sewer    | Reached XP level 7. HP: 33/44 MP: 7/7
  4041 | Sewer    | 4041 ||| READING scroll labelled MUZUUF XUUWK.
  4052 | D:4      | 4052 ||| PLANNING D:1-11
  4158 | D:4      | Noticed Pikel
  4170 | D:4      | HP: 10/44 [Pikel/+2 whip of freezing (7)]
  4171 | D:4      | 4171 ||| DRINKING 2 potions of heal wounds.
  4175 | D:4      | 4175 ||| DRINKING potion of heal wounds.
  4178 | D:4      | Killed Pikel
  4178 | D:4      | Reached * piety under Okawaru
  4179 | D:4      | Reached skill level 7 in Axes
  4179 | D:4      | Reached XP level 8. HP: 32/48 MP: 8/8
  4332 | D:4      | Found a staircase to the Ecumenical Temple.
  4336 | D:4      | 4336 ||| Stepping ~*~*~tactically~*~*~ (stealth).
  4352 | D:4      | 4352 ||| Stepping ~*~*~tactically~*~*~ (stealth).
  4451 | D:4      | Found a glowing silver altar of Zin.
  4642 | D:4      | 4642 ||| Stepping ~*~*~tactically~*~*~ (stealth).
  4644 | D:4      | 4644 ||| Stepping ~*~*~tactically~*~*~ (stealth).
  4658 | D:4      | Reached skill level 1 in Invocations
  4696 | D:4      | 4696 ||| UPGRADING to +0 chain mail.
  4706 | D:4      | 4706 ||| DROPPING +0 scale mail.
  4735 | D:5      | Entered Level 5 of the Dungeon
  4772 | D:5      | Found Hotzugya's Assorted Antiques.
  4783 | D:5      | 4783 ||| BUYING 2 murky inky potions (46 gold).
  4783 | D:5      | Bought 2 murky inky potions for 46 gold pieces
  4783 | D:5      | 4783 ||| SHOPLISTING 2 scrolls of teleportation (156 gold,
                  | have 131).
  4783 | D:5      | 4783 ||| BUYING glowing black potion (23 gold).
  4783 | D:5      | Bought a glowing black potion for 23 gold pieces
  4783 | D:5      | 4783 ||| SHOPLISTING scroll of enchant armour (195 gold,
                  | have 108).
  4848 | D:5      | 4848 ||| INVOKING Heroism.
  4867 | D:5      | Noticed Eustachio
  4868 | D:5      | 4868 ||| Stepping ~*~*~tactically~*~*~ (hiding).
  4873 | D:5      | 4873 ||| INVOKING Heroism.
  4891 | D:5      | 4891 ||| INVOKING Heroism.
  4892 | D:5      | 4892 ||| INVOKING Heroism.
  4911 | D:5      | 4911 ||| INVOKING Heroism.
  4912 | D:5      | Killed Eustachio
  4913 | D:5      | Reached skill level 3 in Invocations
  5078 | D:5      | 5078 ||| FLEEEEING.
  5129 | D:5      | Found Uviwkep's Armour Shoppe.
  5159 | D:5      | Reached ** piety under Okawaru
  5160 | D:5      | Reached skill level 8 in Axes
  5160 | D:5      | 5160 ||| FLEEEEING.
  5189 | D:5      | 5189 ||| BUYING +0 pair of gloves (54 gold).
  5189 | D:5      | Bought a +0 pair of gloves for 54 gold pieces
  5189 | D:5      | 5189 ||| SHOPLISTING +1 pair of gloves "Dimil" {Regen+
                  | Int+3} (273 gold, have 73).
  5223 | D:5      | Found a snail-covered altar of Cheibriados.
  5241 | D:5      | 5241 ||| INVOKING Heroism.
  5477 | D:5      | Found a shadowy altar of Dithmenos.
  5591 | D:5      | Noticed Duvessa
  5591 | D:5      | Noticed Dowan
  5592 | D:5      | 5592 ||| INVOKING Heroism.
  5606 | D:5      | Killed Duvessa
  5607 | D:5      | Reached skill level 6 in Fighting
  5608 | D:5      | 5608 ||| Stepping ~*~*~tactically~*~*~ (hiding).
  5609 | D:5      | 5609 ||| Stepping ~*~*~tactically~*~*~ (hiding).
  5612 | D:5      | 5612 ||| INVOKING Heroism.
  5627 | D:5      | HP: 8/51 [Dowan/+0 dagger (6)]
  5628 | D:5      | 5628 ||| DRINKING potion of heal wounds.
  5631 | D:5      | Killed Dowan
  5924 | D:5      | 5924 ||| READING 2 scrolls of enchant armour.
  5924 | D:5      | 5924 ||| ENCHANTING +0 cloak.
  5925 | D:5      | 5925 ||| READING scroll of enchant armour.
  5925 | D:5      | 5925 ||| ENCHANTING +1 cloak.
  6127 | D:5      | 6127 ||| INVOKING Heroism.
  6131 | D:5      | 6131 ||| Stepping ~*~*~tactically~*~*~ (stealth).
  6201 | D:5      | 6201 ||| Stepping ~*~*~tactically~*~*~ (stealth).
  6206 | D:5      | 6206 ||| Stepping ~*~*~tactically~*~*~ (hiding).
  6211 | D:5      | 6211 ||| INVOKING Heroism.
  6221 | D:5      | Reached XP level 9. HP: 55/55 MP: 10/12
  6275 | D:5      | 6275 ||| UPGRADING to +0 pair of gloves.
  6280 | D:5      | 6280 ||| UPGRADING to +2 pair of boots.
  6285 | D:5      | 6285 ||| READING scroll labelled WADGHI EHINYPN.
  6286 | D:5      | 6286 ||| DRINKING 2 murky inky potions.
  6287 | D:5      | 6287 ||| DRINKING 2 fizzy dark potions.
  6288 | D:5      | 6288 ||| DROPPING potion of degeneration.
  6577 | D:6      | 6577 ||| INVOKING Heroism.
  6591 | D:6      | 6591 ||| INVOKING Heroism.
  6625 | D:6      | Found a runed translucent gate.
  6625 | D:6      | Found a runed translucent gate.
  6625 | D:6      | Found a runed translucent gate.
  6627 | D:6      | 6627 ||| Stepping ~*~*~tactically~*~*~ (stealth).
  6628 | D:6      | 6628 ||| Stepping ~*~*~tactically~*~*~ (stealth).
  6760 | D:6      | 6760 ||| Stepping ~*~*~tactically~*~*~ (hiding).
  6763 | D:6      | 6763 ||| Stepping ~*~*~tactically~*~*~ (hiding).
  6764 | D:6      | 6764 ||| INVOKING Heroism.
  6770 | D:6      | HP: 10/55 [orc priest/divine providence (11)]
  6771 | D:6      | 6771 ||| READING scroll of teleportation.
  6771 | D:6      | HP: 3/55 [orc priest/divine providence (7)]
  6776 | D:6      | Reached skill level 9 in Axes
  6814 | D:6      | 6814 ||| FLEEEEING.
  6868 | D:6      | 6868 ||| FLEEEEING.
  6869 | D:6      | 6869 ||| STAIRDANCE
  7058 | D:5      | 7058 ||| READING scroll labelled VIDI WY WAEH.
  7059 | D:5      | 7059 ||| DRINKING 2 fuming cyan potions.
  7100 | D:6      | 7100 ||| STAIRDANCE
  7110 | D:6      | 7110 ||| STAIRDANCE
  7174 | D:6      | Found a basalt altar of Yredelemnul.
  7192 | D:6      | 7192 ||| INVOKING Heroism.
  7583 | D:6      | 7583 ||| INVOKING Heroism.
  7735 | D:6      | Noticed qw's ghost (novice GrFi)
  7762 | D:7      | 7762 ||| STAIRDANCE
  7773 | D:7      | 7773 ||| STAIRDANCE
  7833 | D:7      | 7833 ||| INVOKING Heroism.
  7885 | D:7      | 7885 ||| INVOKING Heroism.
  8022 | D:7      | 8022 ||| SWAPPING to +0 broad axe.
  8023 | D:7      | 8023 ||| DROPPING +1 hand axe of holy wrath.
  8024 | D:7      | 8024 ||| DROPPING +0 war axe.
  8031 | D:7      | Found Qaph's Gadget Gallery.
  8135 | D:7      | 8135 ||| Stepping ~*~*~tactically~*~*~ (stealth).
  8136 | D:7      | 8136 ||| Stepping ~*~*~tactically~*~*~ (stealth).
  8152 | D:7      | 8152 ||| Stepping ~*~*~tactically~*~*~ (stealth).
  8167 | D:7      | Found a flagged portal.
  8179 | D:7      | 8179 ||| Stepping ~*~*~tactically~*~*~ (hiding).
  8419 | D:7      | 8419 ||| Stepping ~*~*~tactically~*~*~ (stealth).
  8420 | D:7      | 8420 ||| Stepping ~*~*~tactically~*~*~ (stealth).
  8422 | D:7      | 8422 ||| Stepping ~*~*~tactically~*~*~ (stealth).
  8446 | D:7      | 8446 ||| INVOKING Heroism.
  8684 | D:7      | 8684 ||| READING scroll labelled PUBEM QAOTSAHI.
  8785 | D:7      | 8785 ||| READING 3 scrolls of identify.
  8785 | D:7      | 8785 ||| IDENTIFYING bubbling white potion
  8786 | D:7      | 8786 ||| READING 2 scrolls of identify.
  8786 | D:7      | 8786 ||| IDENTIFYING glowing blue potion
  8787 | D:7      | 8787 ||| DROPPING potion of ambrosia.
  8809 | D:8      | 8809 ||| INVOKING Heroism.
  8813 | D:8      | Reached skill level 10 in Axes
  8825 | D:8      | Reached XP level 10. HP: 36/63 MP: 13/13
  8825 | D:8      | 8825 ||| Stepping ~*~*~tactically~*~*~ (hiding).
  8834 | D:8      | Reached *** piety under Okawaru
  9023 | D:8      | Noticed a two-headed ogre
  9024 | D:8      | 9024 ||| INVOKING Heroism.
  9034 | D:8      | Killed a two-headed ogre
  9215 | D:8      | Found a sparkling altar of Nemelex Xobeh.
  9216 | D:8      | 9216 ||| INVOKING Heroism.
  9222 | D:8      | 9222 ||| Stepping ~*~*~tactically~*~*~ (cloud).
  9223 | D:8      | 9223 ||| Stepping ~*~*~tactically~*~*~ (cloud).
  9248 | D:8      | 9248 ||| READING scroll of acquirement.
  9248 | D:8      | 9248 ||| ACQUIRING ring of Noitzuen {Ice rElec}
  9248 | D:8      | Acquired the ring of Noitzuen {Ice rElec}
  9273 | D:8      | Noticed a two-headed ogre
  9273 | D:8      | Noticed a two-headed ogre
  9274 | D:8      | 9274 ||| INVOKING Heroism.
  9284 | D:8      | Killed a two-headed ogre
  9288 | D:8      | Killed a two-headed ogre
  9288 | D:8      | Reached **** piety under Okawaru
  9435 | D:8      | Found the +12 pair of quick blades "Gyre" and "Gimble"
                  | {protect}
  9523 | D:8      | 9523 ||| Stepping ~*~*~tactically~*~*~ (stealth).
  9533 | D:8      | 9533 ||| INVOKING Heroism.
  9634 | D:8      | 9634 ||| UPGRADING to +2 buckler.
  9644 | D:8      | 9644 ||| DROPPING +0 buckler.
  9645 | D:8      | 9645 ||| READING scroll labelled QILUEC KETRA.
  9646 | D:8      | 9646 ||| DRINKING 2 silvery potions.
  9647 | D:8      | 9647 ||| READING 2 scrolls of identify.
  9647 | D:8      | 9647 ||| IDENTIFYING glowing black potion
  9651 | D:9      | 9651 ||| INVOKING Heroism.
  9661 | D:9      | 9661 ||| DRINKING potion of curing.
  9661 | D:9      | 9661 ||| (to cure confusion)
  9843 | D:9      | 9843 ||| INVOKING Heroism.
  9844 | D:9      | Found a staircase to the Lair.
  9852 | D:9      | 9852 ||| DRINKING potion of curing.
  9852 | D:9      | 9852 ||| (to cure confusion)
  9889 | D:9      | 9889 ||| FLEEEEING.
  9898 | D:9      | 9898 ||| FLEEEEING.
  9899 | D:9      | 9899 ||| FLEEEEING.
  9900 | D:9      | 9900 ||| FLEEEEING.
  9901 | D:9      | 9901 ||| STAIRDANCE
 10070 | D:9      | 10070 ||| Stepping ~*~*~tactically~*~*~ (stealth).
 10071 | D:9      | 10071 ||| Stepping ~*~*~tactically~*~*~ (stealth).
 10073 | D:9      | 10073 ||| Stepping ~*~*~tactically~*~*~ (stealth).
 10086 | D:9      | 10086 ||| Stepping ~*~*~tactically~*~*~ (stealth).
 10093 | D:9      | 10093 ||| INVOKING Heroism.
 10112 | D:9      | Identified the +1 chain mail of Lucidity {Slay+2}
 10144 | D:9      | Noticed Erolcha
 10145 | D:9      | 10145 ||| INVOKING Heroism.
 10148 | D:9      | 10148 ||| Stepping ~*~*~tactically~*~*~ (hiding).
 10161 | D:9      | Killed Erolcha
 10162 | D:9      | Reached skill level 6 in Invocations
 10162 | D:9      | Reached XP level 11. HP: 61/69 MP: 15/15
 10221 | D:9      | 10221 ||| INVOKING Heroism.
 10384 | D:9      | 10384 ||| Stepping ~*~*~tactically~*~*~ (stealth).
 10387 | D:9      | 10387 ||| Stepping ~*~*~tactically~*~*~ (stealth).
 10392 | D:9      | 10392 ||| Stepping ~*~*~tactically~*~*~ (stealth).
 10395 | D:9      | 10395 ||| INVOKING Heroism.
 10408 | D:9      | Reached skill level 11 in Axes
 10644 | D:9      | Reached ***** piety under Okawaru
 10787 | D:9      | 10787 ||| PLANNING LAIR
 10787 | D:9      | 10787 ||| UPGRADING to +1 chain mail of Lucidity {Slay+2}.
 10797 | D:9      | 10797 ||| DROPPING +0 chain mail.
 10798 | D:9      | 10798 ||| DROPPING ring of wizardry.
 10815 | Lair:1   | Entered Level 1 of the Lair of Beasts
 10901 | Lair:1   | Noticed a boulder beetle
 10902 | Lair:1   | 10902 ||| INVOKING Heroism.
 10903 | Lair:1   | 10903 ||| INVOKING Finesse.
 10916 | Lair:1   | Killed a boulder beetle
 10972 | Lair:1   | 10972 ||| INVOKING Heroism.
 11026 | Lair:1   | 11026 ||| Stepping ~*~*~tactically~*~*~ (stealth).
 11028 | Lair:1   | 11028 ||| Stepping ~*~*~tactically~*~*~ (stealth).
 11031 | Lair:1   | 11031 ||| INVOKING Heroism.
 11048 | Lair:1   | Reached skill level 9 in Fighting
 11261 | Lair:1   | 11261 ||| INVOKING Heroism.
 11312 | Lair:1   | 11312 ||| Stepping ~*~*~tactically~*~*~ (stealth).
 11460 | Lair:1   | 11460 ||| INVOKING Heroism.
 11754 | Lair:1   | 11754 ||| INVOKING Heroism.
 11925 | Lair:1   | 11925 ||| UPGRADING to +0 kite shield.
 11935 | Lair:1   | 11935 ||| DROPPING +2 buckler.
 11936 | Lair:1   | 11936 ||| READING 2 scrolls of identify.
 11936 | Lair:1   | 11936 ||| IDENTIFYING murky silvery potion
 12016 | Lair:2   | 12016 ||| INVOKING Heroism.
 12025 | Lair:2   | Received a gift from Okawaru
 12124 | Lair:2   | 12124 ||| Stepping ~*~*~tactically~*~*~ (stealth).
 12126 | Lair:2   | 12126 ||| INVOKING Heroism.
 12139 | Lair:2   | Reached skill level 6 in Shields
 12142 | Lair:2   | Reached skill level 9 in Invocations
 12148 | Lair:2   | 12148 ||| INVOKING Heroism.
 12153 | Lair:2   | HP: 16/71 [hell rat (12)]
 12154 | Lair:2   | 12154 ||| READING 4 scrolls of teleportation.
 12161 | Lair:2   | 12161 ||| READING 3 scrolls of teleportation.
 12285 | Lair:2   | 12285 ||| INVOKING Heroism.
 12428 | Lair:2   | 12428 ||| Stepping ~*~*~tactically~*~*~ (stealth).
 12429 | Lair:2   | 12429 ||| INVOKING Heroism.
 12433 | Lair:2   | Reached XP level 12. HP: 73/76 MP: 16/19
 12499 | Lair:2   | 12499 ||| INVOKING Heroism.
 12660 | Lair:2   | 12660 ||| Stepping ~*~*~tactically~*~*~ (stealth).
 12661 | Lair:2   | 12661 ||| INVOKING Heroism.
 12991 | Lair:2   | 12991 ||| Stepping ~*~*~tactically~*~*~ (stealth).
 12996 | Lair:2   | 12996 ||| INVOKING Heroism.
 12998 | Lair:2   | 12998 ||| Stepping ~*~*~tactically~*~*~ (stealth).
 12999 | Lair:2   | 12999 ||| Stepping ~*~*~tactically~*~*~ (stealth).
 13000 | Lair:2   | 13000 ||| Stepping ~*~*~tactically~*~*~ (stealth).
 13006 | Lair:2   | Received a gift from Okawaru
 13011 | Lair:2   | Reached skill level 9 in Shields
 13071 | Lair:2   | 13071 ||| INVOKING Heroism.
 13106 | Lair:2   | 13106 ||| FLEEEEING.
 13107 | Lair:2   | 13107 ||| FLEEEEING.
 13108 | Lair:2   | 13108 ||| FLEEEEING.
 13109 | Lair:2   | 13109 ||| FLEEEEING.
 13110 | Lair:2   | 13110 ||| FLEEEEING.
 13111 | Lair:2   | 13111 ||| FLEEEEING.
 13112 | Lair:2   | 13112 ||| FLEEEEING.
 13113 | Lair:2   | 13113 ||| FLEEEEING.
 13114 | Lair:2   | 13114 ||| FLEEEEING.
 13115 | Lair:2   | 13115 ||| FLEEEEING.
 13116 | Lair:2   | 13116 ||| FLEEEEING.
 13117 | Lair:2   | 13117 ||| FLEEEEING.
 13118 | Lair:2   | 13118 ||| FLEEEEING.
 13119 | Lair:2   | 13119 ||| FLEEEEING.
 13120 | Lair:2   | 13120 ||| STAIRDANCE
 13221 | Lair:1   | 13221 ||| UPGRADING to +0 plate armour.
 13231 | Lair:1   | 13231 ||| DROPPING +1 chain mail of Lucidity {Slay+2}.
 13232 | Lair:1   | 13232 ||| UPGRADING to ring of willpower.
 13234 | Lair:1   | 13234 ||| READING 2 scrolls of identify.
 13234 | Lair:1   | 13234 ||| IDENTIFYING ruby potion
 13235 | Lair:1   | 13235 ||| DROPPING potion of invisibility.
 13240 | Lair:2   | 13240 ||| Stepping ~*~*~tactically~*~*~ (stealth).
 13243 | Lair:2   | 13243 ||| INVOKING Heroism.
 13264 | Lair:2   | Identified the +1 robe of Servitude {*Slow rCorr SInv}
                  | (Okawaru gifted it to you on level 2 of the Lair of Beasts)
 13264 | Lair:2   | Received a gift from Okawaru
 13790 | Lair:2   | Found a staircase to the Shoals.
 13891 | Lair:2   | 13891 ||| READING scroll labelled BEUQEO PANAE.
 13952 | Lair:3   | Reached skill level 3 in Throwing
 14112 | Lair:3   | 14112 ||| INVOKING Heroism.
 14166 | Lair:3   | Found a staircase to the Snake Pit.
 14166 | Lair:3   | Noticed Amaemon
 14167 | Lair:3   | 14167 ||| Stepping ~*~*~tactically~*~*~ (hiding).
 14173 | Lair:3   | 14173 ||| INVOKING Heroism.
 14181 | Lair:3   | Killed Amaemon
 14183 | Lair:3   | 14183 ||| Stepping ~*~*~tactically~*~*~ (hiding).
 14308 | Lair:3   | Noticed a boulder beetle
 14309 | Lair:3   | 14309 ||| INVOKING Heroism.
 14310 | Lair:3   | 14310 ||| INVOKING Finesse.
 14333 | Lair:3   | Killed a boulder beetle
 14457 | Lair:3   | 14457 ||| READING scroll of enchant armour.
 14457 | Lair:3   | 14457 ||| ENCHANTING +0 pair of gloves.
 14598 | Lair:3   | 14598 ||| INVOKING Heroism.
 14608 | Lair:3   | Reached skill level 12 in Axes
 14625 | Lair:3   | Reached skill level 9 in Armour
 14625 | Lair:3   | Reached XP level 13. HP: 78/80 MP: 20/20
 15052 | Lair:4   | 15052 ||| INVOKING Heroism.
 15096 | Lair:4   | 15096 ||| INVOKING Heroism.
 15359 | Lair:4   | 15359 ||| Stepping ~*~*~tactically~*~*~ (stealth).
 15361 | Lair:4   | 15361 ||| Stepping ~*~*~tactically~*~*~ (stealth).
 15366 | Lair:4   | 15366 ||| INVOKING Heroism.
 15369 | Lair:4   | 15369 ||| Stepping ~*~*~tactically~*~*~ (stealth).
 15410 | Lair:4   | 15410 ||| INVOKING Heroism.
 15501 | Lair:4   | 15501 ||| INVOKING Heroism.
 15926 | Lair:5   | Entered Level 5 of the Lair of Beasts
 15929 | Lair:5   | 15929 ||| STAIRDANCE
 15965 | Lair:5   | 15965 ||| STAIRDANCE
 16029 | Lair:5   | 16029 ||| INVOKING Heroism.
 16231 | Lair:5   | Found an iron altar of Okawaru.
 16303 | Lair:5   | 16303 ||| INVOKING Heroism.
 16304 | Lair:5   | 16304 ||| INVOKING Finesse.
 16314 | Lair:5   | Received a gift from Okawaru
 16376 | Lair:5   | Reached skill level 13 in Axes
 16412 | Lair:5   | 16412 ||| INVOKING Heroism.
 16413 | Lair:5   | 16413 ||| INVOKING Finesse.
 16415 | Lair:5   | 16415 ||| SWAPPING to +8 demon whip of Uncertain Death
                  | {vamp, rC+ Str+2}.
 16427 | Lair:5   | 16427 ||| SWAPPING to +1 broad axe.
 16571 | Lair:5   | Reached ****** piety under Okawaru
 16690 | Lair:5   | 16690 ||| INVOKING Heroism.
 16691 | Lair:5   | 16691 ||| INVOKING Finesse.
 16694 | Lair:5   | 16694 ||| SWAPPING to +8 demon whip of Uncertain Death
                  | {vamp, rC+ Str+2}.
 16700 | Lair:5   | Received a gift from Okawaru
 16701 | Lair:5   | 16701 ||| SWAPPING to +1 broad axe.
 16766 | Lair:5   | 16766 ||| INVOKING Heroism.
 16796 | Lair:5   | 16796 ||| Stepping ~*~*~tactically~*~*~ (stealth).
 16926 | Lair:5   | 16926 ||| Stepping ~*~*~tactically~*~*~ (stealth).
 16927 | Lair:5   | 16927 ||| Stepping ~*~*~tactically~*~*~ (stealth).
 16945 | Lair:5   | Identified the +1 scale mail of Guarch {MP-9 Int+8}
                  | (Okawaru gifted it to you on level 5 of the Lair of Beasts)
 16945 | Lair:5   | Received a gift from Okawaru
 17009 | Lair:5   | 17009 ||| INVOKING Heroism.
 17020 | Lair:5   | 17020 ||| Stepping ~*~*~tactically~*~*~ (stealth).
 17175 | Lair:5   | 17175 ||| INVOKING Heroism.
 17184 | Lair:5   | 17184 ||| INVOKING Finesse.
 17192 | Lair:5   | 17192 ||| SWAPPING to +8 demon whip of Uncertain Death
                  | {vamp, rC+ Str+2}.
 17193 | Lair:5   | 17193 ||| Stepping ~*~*~tactically~*~*~ (outnumbered).
 17194 | Lair:5   | 17194 ||| Stepping ~*~*~tactically~*~*~ (outnumbered).
 17195 | Lair:5   | 17195 ||| Stepping ~*~*~tactically~*~*~ (outnumbered).
 17196 | Lair:5   | 17196 ||| Stepping ~*~*~tactically~*~*~ (outnumbered).
 17197 | Lair:5   | 17197 ||| Stepping ~*~*~tactically~*~*~ (outnumbered).
 17198 | Lair:5   | 17198 ||| Stepping ~*~*~tactically~*~*~ (outnumbered).
 17199 | Lair:5   | 17199 ||| Stepping ~*~*~tactically~*~*~ (outnumbered).
 17204 | Lair:5   | Gained mutation: Your large and strong wings let you fly.
                  | [Gargoyle growth]
 17204 | Lair:5   | Reached XP level 14. HP: 86/88 MP: 16/21
 17204 | Lair:5   | 17204 ||| SWAPPING to +1 broad axe.
 17274 | Lair:5   | 17274 ||| INVOKING Heroism.
 17284 | Lair:5   | Reached skill level 14 in Axes
 17359 | Lair:5   | 17359 ||| INVOKING Heroism.
 17360 | Lair:5   | 17360 ||| INVOKING Finesse.
 17443 | Lair:5   | 17443 ||| Stepping ~*~*~tactically~*~*~ (stealth).
 17446 | Lair:5   | 17446 ||| Stepping ~*~*~tactically~*~*~ (stealth).
 17448 | Lair:5   | 17448 ||| INVOKING Heroism.
 17449 | Lair:5   | 17449 ||| INVOKING Finesse.
 17516 | Lair:5   | 17516 ||| INVOKING Heroism.
 17519 | Lair:5   | 17519 ||| INVOKING Finesse.
 17595 | Lair:5   | 17595 ||| INVOKING Heroism.
 17600 | Lair:5   | 17600 ||| INVOKING Finesse.
 17732 | Lair:5   | 17732 ||| Stepping ~*~*~tactically~*~*~ (stealth).
 17733 | Lair:5   | 17733 ||| INVOKING Heroism.
 17734 | Lair:5   | 17734 ||| INVOKING Finesse.
 17764 | Lair:5   | Reached skill level 12 in Shields
 17953 | Lair:5   | Found a staircase to the Slime Pits.
 17953 | Lair:5   | Found a viscous altar of Jiyva.
 18127 | Lair:5   | 18127 ||| PLANNING D:1-11
 18127 | Lair:5   | 18127 ||| READING scroll labelled XOT UCKUTZOB.
 18240 | D:10     | Entered Level 10 of the Dungeon
 18285 | D:10     | 18285 ||| Stepping ~*~*~tactically~*~*~ (stealth).
 18288 | D:10     | 18288 ||| Stepping ~*~*~tactically~*~*~ (stealth).
 18343 | D:10     | 18343 ||| FLEEEEING.
 18344 | D:10     | 18344 ||| FLEEEEING.
 18345 | D:10     | 18345 ||| FLEEEEING.
 18346 | D:10     | 18346 ||| FLEEEEING.
 18347 | D:10     | 18347 ||| FLEEEEING.
 18348 | D:10     | 18348 ||| FLEEEEING.
 18349 | D:10     | 18349 ||| FLEEEEING.
 18350 | D:10     | 18350 ||| FLEEEEING.
 18351 | D:10     | 18351 ||| FLEEEEING.
 18352 | D:10     | 18352 ||| FLEEEEING.
 18353 | D:10     | 18353 ||| FLEEEEING.
 18354 | D:10     | 18354 ||| FLEEEEING.
 18355 | D:10     | 18355 ||| STAIRDANCE
 18497 | D:10     | 18497 ||| STAIRDANCE
 18562 | D:10     | 18562 ||| STAIRDANCE
 18687 | D:10     | 18687 ||| READING scroll of enchant armour.
 18687 | D:10     | 18687 ||| ENCHANTING +1 pair of gloves.
 18694 | D:10     | 18694 ||| Stepping ~*~*~tactically~*~*~ (stealth).
 18696 | D:10     | 18696 ||| Stepping ~*~*~tactically~*~*~ (stealth).
 18972 | D:10     | 18972 ||| Stepping ~*~*~tactically~*~*~ (stealth).
 18974 | D:10     | 18974 ||| Stepping ~*~*~tactically~*~*~ (stealth).
 19052 | D:11     | 19052 ||| Stepping ~*~*~tactically~*~*~ (stealth).
 19053 | D:11     | 19053 ||| Stepping ~*~*~tactically~*~*~ (stealth).
 19066 | D:11     | Found Kofryolo's Weapon Boutique.
 19089 | D:11     | 19089 ||| Stepping ~*~*~tactically~*~*~ (stealth).
 19103 | D:11     | 19103 ||| Stepping ~*~*~tactically~*~*~ (stealth).
 19151 | D:11     | 19151 ||| Stepping ~*~*~tactically~*~*~ (stealth).
 19154 | D:11     | Found Kosetuaf's General Store.
 19156 | D:11     | 19156 ||| Stepping ~*~*~tactically~*~*~ (stealth).
 19168 | D:11     | 19168 ||| BUYING potion of haste (110 gold).
 19168 | D:11     | Bought a potion of haste for 110 gold pieces
 19168 | D:11     | 19168 ||| BUYING potion of heal wounds (55 gold).
 19168 | D:11     | Bought a potion of heal wounds for 55 gold pieces
 19230 | D:11     | 19230 ||| INVOKING Heroism.
 19255 | D:11     | 19255 ||| INVOKING Finesse.
 19259 | D:11     | 19259 ||| Stepping ~*~*~tactically~*~*~ (stealth).
 19269 | D:11     | Received a gift from Okawaru
 19509 | D:11     | 19509 ||| INVOKING Heroism.
 19798 | D:11     | 19798 ||| Stepping ~*~*~tactically~*~*~ (stealth).
 19810 | D:11     | 19810 ||| Stepping ~*~*~tactically~*~*~ (stealth).
 19812 | D:11     | 19812 ||| INVOKING Heroism.
 19992 | D:11     | 19992 ||| Stepping ~*~*~tactically~*~*~ (stealth).
 19992 | D:11     | Found Rublut's Assorted Antiques.
 20002 | D:11     | 20002 ||| BUYING 2 lumpy orange potions (48 gold).
 20002 | D:11     | Bought 2 lumpy orange potions for 48 gold pieces
 20002 | D:11     | 20002 ||| BUYING potion of curing (81 gold).
 20002 | D:11     | Bought a potion of curing for 81 gold pieces
 20002 | D:11     | 20002 ||| BUYING scroll labelled MEH FATIATERGH (27 gold).
 20002 | D:11     | Bought a scroll labelled MEH FATIATERGH for 27 gold pieces
 20143 | D:11     | Found Mutaobor's Antique Weapon Shoppe.
 20195 | D:11     | 20195 ||| Stepping ~*~*~tactically~*~*~ (stealth).
 20201 | D:11     | 20201 ||| INVOKING Heroism.
 20257 | D:11     | Found Woji's Book Boutique.
 20274 | D:11     | Identified the +4 chain mail of Ru's Envy {rPois Dex+4}
 20330 | D:11     | 20330 ||| PLANNING D
 20330 | D:11     | 20330 ||| UPGRADING to +4 chain mail of Ru's Envy {rPois
                  | Dex+4}.
 20340 | D:11     | 20340 ||| DROPPING +0 plate armour.
 20341 | D:11     | 20341 ||| UPGRADING to amulet of reflection.
 20346 | D:11     | 20346 ||| READING scroll labelled MEH FATIATERGH.
 20419 | D:11     | 20419 ||| DRINKING 2 lumpy orange potions.
 20420 | D:11     | 20420 ||| DROPPING potion of flight.
 20439 | D:12     | 20439 ||| INVOKING Heroism.
 20440 | D:12     | Noticed Snorg
 20458 | D:12     | HP: 17/90 [slime creature (12)]
 20459 | D:12     | 20459 ||| READING 4 scrolls of teleportation.
 20460 | D:12     | 20460 ||| DRINKING 3 potions of heal wounds.
 20714 | D:12     | Noticed Josephine
 20715 | D:12     | 20715 ||| Stepping ~*~*~tactically~*~*~ (hiding).
 20727 | D:12     | 20727 ||| INVOKING Heroism.
 20733 | D:12     | Killed Josephine
 20734 | D:12     | Reached skill level 3 in Dodging
 20738 | D:12     | 20738 ||| INVOKING Finesse.
 20747 | D:12     | 20747 ||| Stepping ~*~*~tactically~*~*~ (stealth).
 20755 | D:12     | Killed Snorg
 20756 | D:12     | Reached skill level 15 in Axes
 21024 | D:12     | 21024 ||| Stepping ~*~*~tactically~*~*~ (stealth).
 21027 | D:12     | 21027 ||| Stepping ~*~*~tactically~*~*~ (stealth).
 21033 | D:12     | 21033 ||| INVOKING Heroism.
 21036 | D:12     | 21036 ||| Stepping ~*~*~tactically~*~*~ (stealth).
 21037 | D:12     | 21037 ||| Stepping ~*~*~tactically~*~*~ (stealth).
 21038 | D:12     | 21038 ||| Stepping ~*~*~tactically~*~*~ (stealth).
 21130 | D:12     | 21130 ||| Stepping ~*~*~tactically~*~*~ (stealth).
 21136 | D:12     | 21136 ||| Stepping ~*~*~tactically~*~*~ (stealth).
 21137 | D:12     | 21137 ||| Stepping ~*~*~tactically~*~*~ (stealth).
 21175 | D:12     | 21175 ||| Stepping ~*~*~tactically~*~*~ (stealth).
 21177 | D:12     | 21177 ||| Stepping ~*~*~tactically~*~*~ (hiding).
 21180 | D:12     | 21180 ||| Stepping ~*~*~tactically~*~*~ (hiding).
 21183 | D:12     | 21183 ||| INVOKING Heroism.
 21184 | D:12     | Received a gift from Okawaru
 21416 | D:12     | Found a staircase to the Orcish Mines.
 21417 | D:12     | 21417 ||| INVOKING Heroism.
 21665 | D:12     | 21665 ||| INVOKING Heroism.
 21761 | D:13     | 21761 ||| Stepping ~*~*~tactically~*~*~ (hiding).
 21763 | D:13     | 21763 ||| Stepping ~*~*~tactically~*~*~ (hiding).
 22099 | D:13     | Found a radiant altar of Vehumet.
 22136 | D:13     | 22136 ||| INVOKING Heroism.
 22168 | D:13     | Reached skill level 12 in Fighting
 22172 | D:13     | Reached XP level 15. HP: 54/96 MP: 22/22
 22334 | D:13     | 22334 ||| SWAPPING to +2 vampiric war axe.
 22684 | D:14     | 22684 ||| STAIRDANCE
 22699 | D:14     | 22699 ||| STAIRDANCE
 22701 | D:13     | 22701 ||| INVOKING Heroism.
 22702 | D:13     | 22702 ||| SWAPPING to +8 demon whip of Uncertain Death
                  | {vamp, rC+ Str+2}.
 22710 | D:13     | 22710 ||| Stepping ~*~*~tactically~*~*~ (outnumbered).
 22711 | D:13     | 22711 ||| Stepping ~*~*~tactically~*~*~ (outnumbered).
 22712 | D:13     | 22712 ||| Stepping ~*~*~tactically~*~*~ (outnumbered).
 22713 | D:13     | 22713 ||| Stepping ~*~*~tactically~*~*~ (outnumbered).
 22714 | D:13     | 22714 ||| Stepping ~*~*~tactically~*~*~ (outnumbered).
 22719 | D:13     | 22719 ||| SWAPPING to +2 vampiric war axe.
 22721 | D:13     | 22721 ||| SWAPPING to +8 demon whip of Uncertain Death
                  | {vamp, rC+ Str+2}.
 22724 | D:13     | 22724 ||| SWAPPING to +2 vampiric war axe.
 22727 | D:13     | 22727 ||| SWAPPING to +8 demon whip of Uncertain Death
                  | {vamp, rC+ Str+2}.
 22728 | D:13     | 22728 ||| Stepping ~*~*~tactically~*~*~ (outnumbered).
 22732 | D:13     | 22732 ||| Stepping ~*~*~tactically~*~*~ (outnumbered).
 22733 | D:13     | 22733 ||| Stepping ~*~*~tactically~*~*~ (outnumbered).
 22744 | D:13     | 22744 ||| SWAPPING to +2 vampiric war axe.
 22761 | D:14     | Noticed Rupert
 22762 | D:14     | 22762 ||| STAIRDANCE
 22764 | D:13     | 22764 ||| INVOKING Heroism.
 22780 | D:14     | 22780 ||| STAIRDANCE
 22812 | D:13     | Killed Rupert
 23032 | D:14     | 23032 ||| STAIRDANCE
 23034 | D:13     | 23034 ||| INVOKING Heroism.
 23035 | D:13     | 23035 ||| SWAPPING to +8 demon whip of Uncertain Death
                  | {vamp, rC+ Str+2}.
 23039 | D:13     | 23039 ||| SWAPPING to +2 vampiric war axe.
 23091 | D:14     | 23091 ||| STAIRDANCE
 23109 | D:14     | 23109 ||| STAIRDANCE
 23232 | D:14     | 23232 ||| STAIRDANCE
 23304 | D:14     | 23304 ||| INVOKING Heroism.
 23364 | D:14     | 23364 ||| Stepping ~*~*~tactically~*~*~ (stealth).
 23366 | D:14     | 23366 ||| INVOKING Heroism.
 23386 | D:14     | Reached skill level 16 in Axes
 23591 | D:14     | 23591 ||| INVOKING Heroism.
 24038 | D:14     | 24038 ||| Stepping ~*~*~tactically~*~*~ (hiding).
 24063 | D:14     | 24063 ||| INVOKING Heroism.
 24070 | D:14     | 24070 ||| FLEEEEING.
 24078 | D:14     | 24078 ||| FLEEEEING.
 24079 | D:14     | 24079 ||| FLEEEEING.
 24308 | D:14     | 24308 ||| INVOKING Heroism.
 24326 | D:14     | Identified the +1 chain mail "Rasyamm" {+Inv Int-5 Dex+6}
                  | (Okawaru gifted it to you on level 14 of the Dungeon)
 24326 | D:14     | Received a gift from Okawaru
 24414 | D:14     | Found a gate to the Vaults.
 24484 | D:14     | 24484 ||| INVOKING Heroism.
 24485 | D:14     | 24485 ||| SWAPPING to +8 demon whip of Uncertain Death
                  | {vamp, rC+ Str+2}.
 24486 | D:14     | 24486 ||| INVOKING Finesse.
 24494 | D:14     | 24494 ||| SWAPPING to +2 vampiric war axe.
 24701 | D:14     | 24701 ||| Stepping ~*~*~tactically~*~*~ (hiding).
 24704 | D:14     | 24704 ||| Stepping ~*~*~tactically~*~*~ (hiding).
 24823 | D:14     | 24823 ||| DROPPING +1 chain mail "Rasyamm" {+Inv Int-5
                  | Dex+6}.
 24824 | D:14     | 24824 ||| READING scroll labelled COAFAB LIMOIQ.
 24877 | D:15     | Entered Level 15 of the Dungeon
 24878 | D:15     | 24878 ||| INVOKING Heroism.
 24938 | D:15     | 24938 ||| Stepping ~*~*~tactically~*~*~ (hiding).
 24945 | D:15     | 24945 ||| INVOKING Heroism.
 24955 | D:15     | HP: 24/98 [ice dragon/blast of cold (27)]
 24956 | D:15     | 24956 ||| READING 3 scrolls of teleportation.
 24957 | D:15     | 24957 ||| DRINKING 2 potions of heal wounds.
 24960 | D:15     | Reached skill level 6 in Throwing
 25026 | D:15     | 25026 ||| Stepping ~*~*~tactically~*~*~ (stealth).
 25043 | D:15     | 25043 ||| INVOKING Heroism.
 25078 | D:15     | Reached XP level 16. HP: 104/104 MP: 23/23
 25233 | D:15     | 25233 ||| Stepping ~*~*~tactically~*~*~ (hiding).
 25234 | D:15     | 25234 ||| Stepping ~*~*~tactically~*~*~ (hiding).
 25235 | D:15     | 25235 ||| Stepping ~*~*~tactically~*~*~ (hiding).
 25236 | D:15     | 25236 ||| INVOKING Heroism.
 25274 | D:15     | 25274 ||| Stepping ~*~*~tactically~*~*~ (hiding).
 25327 | D:15     | Noticed Louise
 25328 | D:15     | 25328 ||| INVOKING Heroism.
 25329 | D:15     | 25329 ||| INVOKING Finesse.
 25332 | Abyss:2  | Found a corrupted altar of Lugonu.
 25332 | Abyss:2  | Cast into level 2 of the Abyss (Louise)
 25380 | Abyss:2  | 25380 ||| DROPPING ring of positive energy.
 25381 | Abyss:2  | 25381 ||| UPGRADING to +4 ring of evasion.
 25420 | Abyss:2  | 25420 ||| INVOKING Heroism.
 25437 | Abyss:2  | 25437 ||| INVOKING Finesse.
 25449 | Abyss:2  | HP: 4/104 [hell hog/fireball (37)]
 25450 | Abyss:2  | 25450 ||| READING 3 scrolls of teleportation.
 25450 | Abyss:2  | Killed from afar by a hell hog (illusionary)

Levels and vault maps discovered:
D:1:      amcnicky_arrival_underground_garden, layout_basic, minmay_hedge_maze,
          minmay_curled_crystal, chequers_jeans, serial_park_tiny_1
D:2:      layout_basic, shapermc_ecumenical_altar_mp_vishouse, basic_altar,
          serial_shops, nicolae_square_shop
D:3:      layout_basic, mainiacjoe_overflow_alcove_2
D:4:      layout_basic, marbit_many_paths, kb_xom_exploding_sheep,
          minmay_temple_entry_arrows, gup_sewer_entry_glass, uniq_pikel
D:5:      layout_gridville, nicolae_dithmenos_shadow_blocks, slow_altar_1,
          serial_shops, nicolae_shop_overgrown_old_shop, shop_fountains,
          uniq_duvessa, uniq_eustachio
D:6:      layout_basic, nicolae_yredelemnul_corpse_copse,
          ebering_ghost_rock_garden
D:7:      layout_loops_ring, enter_bailey_3, nicolae_shop_gadgets
D:8:      layout_rooms, nemelex_xobeh_ov_fountains_minmay,
          hellmonk_guarded_unrand_gyre_and_gimble
D:9:      layout_rooms, erik_lair_orcish_takeover, uniq_erolcha
D:10:     layout_rooms, lightli_orcish_oven
D:11:     layout_basic, serial_shops, nicolae_lakefront_shop, shop,
          nicolae_shop_hallway_plus, kennysheep_little_box,
          nicolae_shop_advertising_works [nicolae_subvault_shop_adworks]
D:12:     dreamdust_cave_troll, layout_rooms, minmay_orc_entry_guard_dogs,
          uniq_snorg, uniq_josephine
D:13:     layout_roguey, fiery_altar_vehumet
D:14:     wad_arrow_thing, layout_rooms, ximxim_vaults_locker_room,
          serial_corexii_hall, corexii_hall_statues_l,
          corexii_hall_statues_deadend, uniq_rupert
D:15:     grunt_enter_depths_hoard, layout_basic, minmay_misc_feat_columns,
          hangedman_decor_lopped, uniq_louise
Lair:1:   layout_regular_city, grunt_megastairs_2
Lair:2:   layout_regular_city, minmay_shoals_entry_lonely_mermaid,
          cheibrodos_lair_lostbears
Lair:3:   layout_chaotic_city, minmay_snake_entry_guardpost_small, uniq_amaemon
Lair:4:   layout_roguey, lookout_lair_type, lemuel_fruit_tree,
          serial_bayou_shore_b, serial_bayou_shore_a, infiniplex_staircase_pool
Lair:5:   evilmike_catoblepas_cave, layout_cave_pods, slime_entry_1,
          basic_altar, serial_bayou_shore_b, lemuel_fruit_fields
Abyss:2:  base:
D:7

Skill      XL: |  1  2  3  4  5  6  7  8  9 10 11 12 13 14 15 |
---------------+----------------------------------------------+-----
Axes           | 2 3 4 5 7 8 10 11 12 13 15 16 | 16.0
Fighting       | 4 6 7 8 9 10 12 13 | 13.0
Throwing       | 1 2 3 4 5 6 |  6.1
Dodging        | 1 2 3 4 |  4.8
Invocations    | 4 6 9 10 | 10.0
Armour         | 4 5 7 9 10 11 | 11.0
Shields        | 4 5 7 10 11 12 13 | 13.3

Action                   |  1- 3 |  4- 6 |  7- 9 | 10-12 | 13-15 | 16-18 || total
-------------------------+-------+-------+-------+-------+-------+-------++-------
Melee: War axe           |   114 |   180 |   335 |       |   391 |    68 ||  1088
       Broad axe         |       |       |    79 |   451 |   735 |       ||  1265
       Demon whip        |       |       |       |       |    54 |       ||    54
Throw: Boomerang         |       |     1 |    36 |    35 |    85 |       ||   157
       Javelin           |       |       |       |    43 |    79 |       ||   122
Invok: Heroism           |       |       |    18 |    30 |    41 |     3 ||    92
       Finesse           |       |       |       |     2 |    12 |     2 ||    16
  Use: Scroll            |     4 |     2 |     9 |     9 |     6 |     1 ||    31
       Potion            |       |     2 |     6 |     3 |     3 |       ||    14
 Stab: Petrified         |       |       |       |       |     3 |       ||     3
       Petrifying        |       |       |       |       |     1 |       ||     1
Armor: Scale mail        |    53 |   141 |    16 |       |       |       ||   210
       Chain mail        |       |       |   263 |   176 |   383 |    22 ||   844
       Plate armour      |       |       |       |    84 |   276 |       ||   360
Dodge: Dodged            |    52 |   122 |   177 |   125 |   333 |     8 ||   817
Block: Buckler           |    16 |    52 |    84 |    71 |       |       ||   223
       Kite shield       |       |       |       |   126 |   832 |    40 ||   998
       Reflection        |       |       |       |       |    52 |     3 ||    55

Table legend:
 A = Non-vault XP
 B = Vault XP
 C = Vault XP percentage of total XP
 D = Non-vault monster count
 E = Vault monster count
 F = Vault count percentage of total count
                 A         B        C        D         E       F
            +---------+---------+-------+---------+---------+-------
      Total |   99401 |   35031 |  26.1 |     465 |     115 |  19.8
            +---------+---------+-------+---------+---------+-------
        D:1 |      20 |       0 |   0.0 |      13 |       0 |   0.0
        D:2 |      63 |       0 |   0.0 |      16 |       0 |   0.0
        D:3 |     302 |       0 |   0.0 |      34 |       0 |   0.0
        D:4 |     183 |     671 |  78.6 |      18 |       6 |  25.0
        D:5 |     592 |     410 |  40.9 |      23 |       4 |  14.8
        D:6 |     812 |     361 |  30.8 |      21 |       7 |  25.0
        D:7 |     899 |       8 |   0.9 |      16 |       4 |  20.0
        D:8 |    1638 |    1879 |  53.4 |      16 |       3 |  15.8
        D:9 |    2712 |    1542 |  36.2 |      28 |      10 |  26.3
       D:10 |    2233 |      15 |   0.7 |      10 |       5 |  33.3
       D:11 |    6300 |       0 |   0.0 |      21 |       0 |   0.0
       D:12 |    5031 |    4060 |  44.7 |      22 |      11 |  33.3
       D:13 |   13758 |    1762 |  11.4 |      30 |       1 |   3.2
       D:14 |    7941 |    9460 |  54.4 |      21 |      22 |  51.2
       D:15 |   14315 |     804 |   5.3 |      34 |       1 |   2.9
     Lair:1 |    2945 |     814 |  21.7 |       9 |       2 |  18.2
     Lair:2 |    9085 |    1293 |  12.5 |      38 |       4 |   9.5
     Lair:3 |    4946 |    1469 |  22.9 |      13 |       4 |  23.5
     Lair:4 |    7351 |       0 |   0.0 |      28 |       0 |   0.0
     Lair:5 |   15071 |   10341 |  40.7 |      49 |      23 |  31.9
    Abyss:2 |    3204 |       0 |   0.0 |       5 |       0 |   0.0
      Sewer |       0 |     142 | 100.0 |       0 |       8 | 100.0
            +---------+---------+-------+---------+---------+-------
